 Dungeon Crawl Stone Soup version 0.30-a0-879-ga8ba668304 (webtiles) character file.

Game seed: 2538846644970303965

1323 Indecide the Trooper (level 8, 50/50 HPs)
             Began as a Gargoyle Berserker on Mar 12, 2023.
             Was a Believer of Trog.
             Quit the game on level 5 of the Dungeon.
             The game lasted 01:05:21 (3928 turns).

Indecide the Trooper (Gargoyle Berserker)           Turns: 3928, Time: 01:05:21

Health: 50/50      AC: 18    Str: 24    XL:     8   Next: 59%
Magic:  8/8        EV:  9    Int:  7    God:    Trog [**....]
Gold:   203        SH:  0    Dex:  9    Spells: 7/7 levels left

rFire   . . .      SeeInvis .    T - +4 quarterstaff (chaos)
rCold   . . .      Faith    .    (shield currently unavailable)
rNeg    + . .      Spirit   .    y - +0 chain mail
rPois   ∞          Reflect  .    (no helmet)
rElec   +          Rampage  .    U - +0 cloak
rCorr   .                        (no gloves)
Will    .....                    d - +0 pair of boots Stlth
                                 (no amulet)
HPRegen 0.28/turn                (no ring)
MPRegen 0.11/turn                (no ring)

@: no status effects
A: sickness immunity, AC +5, negative energy resistance 1, electricity
resistance, torment resistance 1, petrification resistance
a: Renounce Religion, Berserk, Trog's Hand


You were on level 5 of the Dungeon.
You worshipped Trog.
Trog was pleased with you.
You visited 2 branches of the dungeon, and saw 6 of its levels.

You collected 203 gold pieces.

Inventory:

Hand Weapons
 b - a +0 flail
 c - a +0 morningstar
 e - a +2 whip of freezing
 i - a +0 dagger of speed
 l - a +0 trident
 x - a +0 long sword
 z - a +2 hand axe of draining
 N - a +0 falchion
 T - a +4 quarterstaff of chaos (weapon)
 V - a +0 hammer
Missiles
 t - 5 curare-tipped darts (quivered)
 A - 11 stones
Armour
 d - a +0 pair of boots (worn)
 g - a +0 ring mail
 s - a +1 robe of resistance
 u - a +0 ring mail
 y - a +0 chain mail (worn)
 Q - a +0 buckler
 U - a +0 cloak (worn)
Jewellery
 a - a +6 ring of intelligence
 p - an amulet of regeneration
Wands
 w - a wand of charming (19)
 C - a wand of iceblast (9)
 W - a wand of quicksilver (5)
Scrolls
 h - a scroll of noise {unknown}
 k - 2 scrolls of enchant weapon {unknown}
 o - 4 scrolls of identify {unknown}
 r - a scroll of immolation
 v - a scroll of fear {unknown}
 B - a scroll of poison {unknown}
 D - a scroll of teleportation
 H - a scroll of acquirement {unknown}
 J - 2 scrolls of fog {unknown}
Potions
 f - 4 potions of flight {unknown}
 j - a potion of invisibility {unknown}
 m - a potion of brilliance {unknown}
 n - 2 potions of magic {unknown}
 q - 2 potions of haste {unknown}
 G - a potion of degeneration {unknown}
 I - a potion of might {unknown}
 L - a potion of ambrosia {unknown}
 S - a potion of heal wounds {unknown}
 X - 3 potions of curing {unknown}


   Skills:
 + Level 5.4 Fighting
 + Level 2.1(3.3) Axes
 + Level 4.2(5.5) Maces & Flails
 + Level 4.5(5.4) Staves
 + Level 2.6 Throwing
 + Level 5.4 Armour
 + Level 3.0 Dodging
 + Level 1.1 Stealth
 + Level 1.4 Evocations


You had 7 spell levels left.
You didn't know any spells.
Your spell library contained the following spells:

 Spells                   Type           Power      Damage    Failure   Level
 Freeze                   Ice            0%         1d3       97%         1
 Magic Dart               Conj           0%         1d3       97%         1
 Summon Small Mammal      Summ           0%         N/A       97%         1
 Searing Ray              Conj           0%         2d4       99%         2
 Call Canine Familiar     Summ           0%         N/A       100%        3
 Frozen Ramparts          Ice            0%         1d1       100%        3
 Hailstorm                Conj/Ice       0%         3d3       100%        3
 Ignite Poison            Fire/Tmut/Pois 0%         N/A       100%        3
 Summon Guardian Golem    Hex/Summ       0%         N/A       100%        3
 Animate Dead             Necr           0%         N/A       100%        4
 Dispel Undead            Necr           0%         3d6       100%        4
 Fulminant Prism          Conj/Hex       0%         3d5       100%        4
 Sticky Flame             Conj/Fire      0%         2d3       100%        4
 Death Channel            Necr           0%         N/A       100%        6
 Haunt                    Necr/Summ      0%         N/A       100%        7
 Ignition                 Fire           0%         3d3       100%        8
 Infestation              Necr           0%         N/A       100%        8
 Cigotuvi's Dreadful Rot  Necr/Pois/Air  Unusable   N/A       N/A         2

Dungeon Overview and Level Annotations

Branches:
Dungeon (5/15)             Temple (1/1) D:4

Altars:
Ashenzari
Cheibriados
Dithmenos
Elyvilon
Fedhas
Gozag
Hepliaklqana
Nemelex Xobeh
Okawaru
Qazlal
Sif Muna
Trog
Uskayaw
Vehumet
Yredelemnul


Innate Abilities, Weirdness & Mutations

You are immune to sickness and miasma.
Your stone body is resilient. (AC +5)
You are immune to poison.
You resist negative energy. (rN+)
You are resistant to electric shocks. (rElec)
You are resistant to unholy torment.
You are immune to petrification.


Message History

Hit: T) +4 quarterstaff (chaos)
Press: ? - help, Dir - move target, f/p - phantom
Aim: a phantom (severely damaged, about 44% to evade your +4 quarterstaff of chaos)
You closely miss the phantom.
The phantom is severely damaged.
The phantom hits you but does no damage.
Hit: T) +4 quarterstaff (chaos)
Press: ? - help, Dir - move target, f/p - phantom
Aim: a phantom (severely damaged, about 44% to evade your +4 quarterstaff of chaos)
You hit the phantom. You burn the phantom.
The phantom is almost destroyed.
The phantom hits you but does no damage.
Hit: T) +4 quarterstaff (chaos)
Press: ? - help, Dir - move target, f/p - phantom
Aim: a phantom (almost destroyed, about 44% to evade your +4 quarterstaff of chaos)
You sock the phantom!
You destroy the phantom!
Trog accepts your kill.
A - 7 stones (gained 3)
You see here a book of Conjurations.
You pick up a book of Conjurations and begin reading...
You add the spells Magic Dart, Searing Ray and Fulminant Prism to your library.
A - 11 stones (gained 4)
You see here a book of Death.
You pick up a book of Death and begin reading...
You add the spells Animate Dead, Haunt and Infestation to your library.
Okay, then.
You open the door.
Found a silver wand.
Found a scroll of teleportation.
There is an open door here.
Found a scroll labelled JYTSUI CANO.
Found a rapier.
Found 6 gold pieces.
C - a wand of iceblast (9)
Found a stone staircase leading up.
k - 2 scrolls labelled JYTSUI CANO (gained 1)
You now have 203 gold pieces (gained 6).
D - a scroll of teleportation Are you sure you want to abandon this character and quit the game? (Confirm with "yes".)

#........... .
#.........## .#
###########.##...# #.##
.......8#)..##...##...#
..8.....#...........#
#.###...##..........# #
#...#.........### #
#...##.#........# #
#...'..#....@...#
#####...#..#..........#
..8.....#..#.......####
........##.##...####
##########.#.....
........# #.#.....
#.##....#


There were no monsters in sight!

Vanquished Creatures
  Pikel (D:4)
  A black bear (D:4)
  3 phantoms
  A lemure (D:4)
  Blork the orc (D:5)
  A scorpion (D:3)
  2 howler monkeys
  An iguana (D:4)
  Crazy Yiuf (D:2)
  Natasha (thrice) (D:2)
  2 orc wizards (D:4)
  6 adders
  A white imp (D:4)
  2 worms
  4 dart slugs
  7 orcs (D:4)
  3 ball pythons
  8 endoplasms
  6 giant cockroaches
  10 goblins
  5 hobgoblins
  7 jackals
  A kobold (D:1)
  4 quokkas
  5 bats
  6 frilled lizards
  3 rats
  2 bushes (D:3)
97 creatures vanquished.

Vanquished Creatures (collateral kills)
  An orc wizard (D:4)
  An endoplasm (D:3)
  A hobgoblin (D:4)
  A ball python (D:4)
4 creatures vanquished.

Vanquished Creatures (others)
  A black bear zombie (D:4)
  A giant cockroach zombie (D:3)
2 creatures vanquished.

Grand Total: 103 creatures vanquished

Notes
Turn   | Place    | Note
-------+----------+-------------------------------------------
     0 | D:1      | Indecide the Gargoyle Berserker began the quest for the
                  | Orb.
     0 | D:1      | Reached XP level 1. HP: 14/14 MP: 1/1
   122 | D:1      | Reached XP level 2. HP: 18/19 MP: 2/2
   532 | D:1      | Reached XP level 3. HP: 24/24 MP: 3/3
   641 | D:1      | Found a faded altar of an unknown god.
  1044 | D:2      | Reached XP level 4. HP: 29/29 MP: 4/4
  1207 | D:2      | Noticed Natasha
  1214 | D:2      | Killed Natasha
  1408 | D:2      | Noticed Natasha
  1417 | D:2      | Killed Natasha
  1417 | D:2      | Reached ** piety under Trog
  1418 | D:2      | Reached XP level 5. HP: 16/33 MP: 5/5
  1448 | D:2      | Reached skill level 1 in Axes
  1739 | D:2      | Found a runed translucent door.
  1740 | D:2      | Noticed Crazy Yiuf
  1746 | D:2      | Killed Crazy Yiuf
  1856 | D:2      | Noticed Natasha
  1865 | D:2      | Killed Natasha
  2005 | D:3      | Found a blossoming altar of Fedhas.
  2221 | D:3      | Found a white marble altar of Elyvilon.
  2370 | D:3      | Reached XP level 6. HP: 39/39 MP: 6/6
  2388 | D:3      | Reached skill level 1 in Evocations
  2438 | D:3      | Found a basalt altar of Yredelemnul.
  2678 | D:4      | Noticed a black bear
  2687 | D:4      | Killed a black bear
  2688 | D:4      | Reached skill level 1 in Staves
  2691 | D:4      | Reached skill level 1 in Throwing
  2693 | D:4      | Reached XP level 7. HP: 44/44 MP: 7/7
  2877 | D:4      | Reached skill level 5 in Fighting
  2936 | D:4      | Found a broken altar of Ashenzari.
  2955 | D:4      | Noticed Pikel
  2966 | D:4      | Killed Pikel
  2967 | D:4      | Reached skill level 1 in Stealth
  2967 | D:4      | Reached XP level 8. HP: 49/49 MP: 8/8
  3037 | D:4      | Found a broken altar of Ashenzari.
  3134 | D:4      | Found a shimmering blue altar of Sif Muna.
  3140 | D:4      | Found a stormy altar of Qazlal.
  3195 | D:4      | Found a staircase to the Ecumenical Temple.
  3217 | Temple   | Entered the Ecumenical Temple
  3535 | D:4      | Found a hazy altar of Hepliaklqana.
  3745 | D:5      | Entered Level 5 of the Dungeon
  3748 | D:5      | Found a shadowy altar of Dithmenos.
  3762 | D:5      | Noticed Blork the orc
  3770 | D:5      | Killed Blork the orc
  3792 | D:5      | Reached skill level 5 in Armour
  3928 | D:5      | Quit the game

Illustrated notes

Levels and vault maps discovered:
D:1:      amcnicky_arrival_gap_in_the_tavern_cellar, layout_basic,
          hellmonk_ecumenical_altar_blasted, interstate_on_off
D:2:      minmay_alternating_diamond, layout_loops_ring, uniq_natasha,
          uniq_crazy_yiuf_cottage
D:3:      layout_rooms, elyvilon_altar_1, fedhas_altar_2,
          mainiacjoe_overflow_concentric_impassable
D:4:      layout_cave_pools, ashenzari_conservatory_becter,
          mainiacjoe_overflow_24_doors, grunt_temple_overflow_open,
          minmay_temple_entry_offerings, serial_park, serial_park_square1
          [serial_park_minivault_5x5_7], serial_park_square3
          [serial_park_minivault_5x5_4], serial_park_tiny_pond,
          serial_park_tiny_2, serial_park_tiny_2, serial_park_tiny_1, uniq_pikel
D:5:      layout_loops_cross, mainiacjoe_overflow_small_starburst,
          grunt_dithmenos_smoke_and_mirrors, nicolae_nh_oracle_at_delphi,
          uniq_blork_the_orc
Temple:   nicolae_temple_superstar

Skill      XL: |  1  2  3  4  5  6  7  8 |
---------------+-------------------------+-----
Maces & Flails | 4 |  4.2
Fighting       | 4 5 |  5.4
Dodging        | 2 3 |  3.0
Axes           | 1 2 |  2.1
Armour         | 3 4 5 |  5.4
Evocations     | 1 |  1.4
Staves         | 1 4 |  4.5
Throwing       | 1 2 |  2.6
Stealth        | 1 |  1.1

Action                     |  1- 3 |  4- 6 |  7- 9 || total
---------------------------+-------+-------+-------++-------
  Melee: Mace              |    60 |       |       ||    60
         Hand axe          |    16 |    46 |       ||    62
         Dagger            |       |     9 |       ||     9
         Quarterstaff      |       |    86 |    59 ||   145
  Throw: Stone             |     5 |     2 |     1 ||     8
         Dart              |       |    17 |    17 ||    34
 Invoke: Berserk           |     4 |     3 |     1 ||     8
         Trog's Hand       |       |     1 |       ||     1
  Evoke: Wand              |       |     8 |       ||     8
    Use: Scroll            |     1 |       |       ||     1
 Armour: Animal skin       |    10 |       |       ||    10
         Robe              |     3 |       |       ||     3
         Ring mail         |    10 |    60 |    28 ||    98
         Chain mail        |       |       |     8 ||     8
  Dodge: Dodged            |    46 |    69 |    23 ||   138

Table legend: (Time is in decaauts)
 A = Elapsed time spent in this place.
 B = Non-inter-level travel time spent in this place.
 C = Inter-level travel time spent in this place.
 D = Time resting spent in this place.
 E = Time spent auto-exploring this place.
 F = Levels seen in this place.
 G = Mean time per level.
                   A        B        C        D        E       F      G
               +--------+--------+--------+--------+--------+-----+--------+
         Total |   4050 |   4050 |      0 |     35 |   1100 |   6 |  675.0 |
       Dungeon |   3842 |   3842 |      0 |     35 |   1100 |   5 |  768.4 |
        Temple |    207 |    207 |      0 |      0 |      0 |   1 |  207.0 |
               +--------+--------+--------+--------+--------+-----+--------+

Top non-repeatable levels by time:
     D:2: 1100 daAuts
     D:1: 923 daAuts
     D:4: 885 daAuts
     D:3: 749 daAuts
  Temple: 207 daAuts
     D:5: 183 daAuts
